 Dungeon Crawl Stone Soup version 0.20.1-1-g8b1a95d (webtiles) character file.

2470 Gargoyl the Cleaver (level 9, -8/79 HPs)
             Began as a Minotaur Abyssal Knight on Sept 26, 2017.
             Was an Elder of Lugonu.
             Mangled by an ogre
             ... wielding a +0 giant club
              (18 damage)
             ... on level 7 of the Dungeon.
             The game lasted 00:12:42 (6057 turns).

Gargoyl the Cleaver (Minotaur Abyssal Knight)       Turns: 6057, Time: 00:12:42

Health: -8/79      AC: 19    Str: 17    XL:     9   Next: 26%
Magic:  12/12      EV: 11    Int:  9    God:    Lugonu [****..]
Gold:   552        SH:  0    Dex: 13    Spells: 8/8 levels left

rFire    . . .     SeeInvis .   j - +2 war axe
rCold    . . .     Gourm    .   (no shield)
rNeg     . . .     Faith    .   x - +0 plate armour
rPois    +         Spirit   .   (helmet restricted)
rElec    .         Reflect  .   p - +1 cloak {rPois}
rCorr    .         Harm     .   o - +2 pair of gloves
MR       +....     Rnd*Rage +   (no boots)
Stlth    ..........             (no amulet)
Regen    0.3/turn               h - +2 ring of evasion
MPRegen  0.2/turn               e - +3 ring of evasion

@: no status effects
A: retaliatory headbutt, horns 2, berserk 1, magic resistance 1, poison
resistance
a: Depart the Abyss, Bend Space, Banish, Corrupt, Renounce Religion


You were on level 7 of the Dungeon.
You worshipped Lugonu.
Lugonu was greatly pleased with you.
You were not hungry.

You visited 1 branch of the dungeon, and saw 7 of its levels.
You visited the Abyss 1 time.

You collected 552 gold pieces.

Inventory:

Hand Weapons
 j - a +2 war axe (weapon)
 B - a +0 war axe
Armour
 o - a +2 pair of gloves (worn)
 p - a +1 cloak of poison resistance (worn)
 x - a +0 plate armour (worn)
Jewellery
 e - a +3 ring of evasion (right hand)
 h - a +2 ring of evasion (left hand)
 z - an uncursed ring of fire {unknown}
Wands
 y - a wand of disintegration (5/24)
 A - a wand of flame (34/48)
Scrolls
 m - a scroll of fear
 q - a scroll of identify
 r - 4 scrolls of remove curse
 u - a scroll of blinking
 w - 2 scrolls of amnesia
Potions
 a - a potion of lignification {unknown}
 b - 6 potions of curing
 f - a potion of ambrosia {unknown}
 g - a potion of might
 l - a potion of berserk rage
 n - 3 potions of degeneration {unknown}
 s - 2 potions of flight {unknown}
 t - a potion of haste
 v - a potion of resistance {unknown}
 C - a potion of brilliance {unknown}
Comestibles
 c - 7 bread rations
 d - 3 royal jellies
 k - 2 meat rations


   Skills:
 + Level 7.3 Fighting
 + Level 9.5 Axes
 * Level 7.3 Armour
 + Level 2.9 Dodging
 * Level 5.5 Invocations


You had 8 spell levels left.
You didn't know any spells.

Dungeon Overview and Level Annotations

Branches:
Dungeon (7/15)             Temple (0/1) D:6

Altars:
Cheibriados
Makhleb
Nemelex Xobeh
Sif Muna
Trog
Vehumet
Xom
Yredelemnul

Shops:
D:4 :

Annotations:
D:7 Menkaure


Innate Abilities, Weirdness & Mutations

You reflexively headbutt those who attack you in melee.
You have a pair of horns on your head.
You tend to lose your temper in combat.
You are resistant to hostile enchantments. (MR+)
Your system is resistant to poisons. (rPois)


Message History

Your body is wracked with pain!
You hear the slow hiss of a distant avalanche of sand.
Menkaure hits you but does no damage.
Unknown command.
You hit Menkaure.
Menkaure is lightly damaged.
Menkaure calls on the powers of darkness!
Your body is wracked with pain!
* * * LOW HITPOINT WARNING * * *
You hit Menkaure. Your headbutt misses Menkaure.
Menkaure is moderately damaged.
Menkaure barely misses you. You furiously retaliate!
You headbutt Menkaure! You hit Menkaure but do no damage.
Menkaure is severely damaged.
You hit Menkaure but do no damage.
Menkaure is severely damaged.
You slash the ogre! Menkaure hits you!
* * * LOW HITPOINT WARNING * * *
The ogre hits you with a giant club!!
You die...

###. ###..#
...... ##. ## #
....#. ..
.#.#.# ......
#. .#.#.#.
#.#._. #####.#
.#..... #.....
......M#....#!.
#...#.
.......@O.....#
#.....
###.........)##
####.#
#####..#####
#.. #..######
### #........
#.####### #.#
#.# #.# ##


You could see an ogre and Menkaure.

Vanquished Creatures
  Pikel (D:4)
  An ice beast (D:5)
  2 phantoms
  2 sky beasts
  An eye of draining (Abyss:1)
  A centaur (D:5)
  4 ogres
  A bullfrog (D:6)
  A wyvern zombie (D:6)
  A scorpion (D:5)
  A howler monkey (D:5)
  2 crimson imps
  A hound (D:6)
  8 orc priests
  Crazy Yiuf (D:3)
  5 orc wizards
  A centaur skeleton (D:6)
  Terence (D:2)
  An iguana (D:5)
  5 worker ants
  A gnoll (D:4)
  A howler monkey skeleton (D:4)
  5 adders
  2 worms
  10 dart slugs
  5 leopard geckos
  21 orcs
  2 giant cockroaches
  15 goblins
  8 hobgoblins
  9 kobolds
  3 quokkas
  2 ball pythons
  4 bats
  2 frilled lizards
  8 rats
139 creatures vanquished.

Vanquished Creatures (others)
  2 slaves (D:4)
  An ogre (D:4)
  An orc priest (D:4)
  3 gnolls (D:4)
  A worm (D:5)
  A plant (D:4)
9 creatures vanquished.

Grand Total: 148 creatures vanquished

Notes
Turn   | Place    | Note
-------+----------+-------------------------------------------
     0 | Abyss:1  | Gargoyl the Minotaur Abyssal Knight began the quest for the Orb.
     0 | Abyss:1  | Reached XP level 1. HP: 19/19 MP: 1/1
    79 | Abyss:1  | Noticed an eye of draining
    93 | Abyss:1  | Killed an eye of draining
    93 | Abyss:1  | Reached skill level 5 in Fighting
    93 | Abyss:1  | Reached skill level 3 in Axes
    93 | Abyss:1  | Reached XP level 2. HP: 29/29 MP: 0/2
    93 | Abyss:1  | Reached XP level 3. HP: 36/36 MP: 0/3
    93 | Abyss:1  | Reached XP level 4. HP: 42/42 MP: 0/4
   100 | Abyss:1  | Noticed a smoke demon
   100 | D:1      | Escaped the Abyss
   217 | D:1      | Reached * piety under Lugonu
   481 | D:1      | Gained mutation: You have large cloven feet. [potion of mutation]
   481 | D:1      | Gained mutation: Your muscles are strong. (Str +2) [potion of mutation]
   831 | D:2      | Noticed Terence
   839 | D:2      | Killed Terence
   842 | D:2      | Reached XP level 5. HP: 48/48 MP: 5/5
   879 | D:2      | Found a snail-covered altar of Cheibriados.
  1345 | D:2      | Reached skill level 4 in Axes
  1422 | D:2      | Found a burning altar of Makhleb.
  1460 | D:2      | Reached ** piety under Lugonu
  2054 | D:3      | Reached XP level 6. HP: 52/57 MP: 7/7
  2285 | D:3      | Found a runed door.
  2289 | D:3      | Noticed Crazy Yiuf
  2293 | D:3      | Killed Crazy Yiuf
  2652 | D:4      | Noticed Pikel
  2652 | D:4      | Noticed a slave
  2652 | D:4      | Noticed a slave
  2652 | D:4      | Noticed a slave
  2652 | D:4      | Noticed a slave
  2674 | D:4      | Reached skill level 5 in Axes
  2687 | D:4      | Killed Pikel
  2687 | D:4      | Reached skill level 6 in Axes
  2687 | D:4      | Reached skill level 5 in Armour
  2687 | D:4      | Reached XP level 7. HP: 56/63 MP: 8/8
  2859 | D:4      | Lost mutation: Your muscles are strong. (Str +2) [potion of mutation]
  2859 | D:4      | Lost mutation: You have large cloven feet. [potion of mutation]
  2859 | D:4      | Gained mutation: You are clumsy. (Dex -2) [potion of mutation]
  2859 | D:4      | Gained mutation: Your movements are slightly less encumbered by armour. (ER -2) [potion of mutation]
  2859 | D:4      | Gained mutation: Your spells are a little harder to cast, but a little more powerful. [potion of mutation]
  2948 | D:4      | Reached skill level 7 in Axes
  2983 | D:4      | Reached XP level 8. HP: 16/70 MP: 9/9
  2983 | D:4      | HP: 1/70 [orc priest/divine providence (15)]
  3531 | D:4      | Found Mafoid's Book Shop.
  3569 | D:4      | Found a sparkling altar of Nemelex Xobeh.
  3645 | D:4      | Reached *** piety under Lugonu
  3679 | D:5      | Entered Level 5 of the Dungeon
  3927 | D:5      | Found a shimmering altar of Xom.
  3952 | D:5      | Gained mutation: You are robust. (+10% HP) [mutagenic meat]
  3953 | D:5      | Gained mutation: Your spells are harder to cast, but more powerful. [mutagenic meat]
  4086 | D:5      | Reached skill level 8 in Axes
  4181 | D:5      | Found a bloodstained altar of Trog.
  4189 | D:5      | Lost mutation: You are robust. (+10% HP) [potion of mutation]
  4189 | D:5      | Lost mutation: Your spells are harder to cast, but more powerful. [potion of mutation]
  4189 | D:5      | Lost mutation: You are clumsy. (Dex -2) [potion of mutation]
  4189 | D:5      | Lost mutation: Your spells are a little harder to cast, but a little more powerful. [potion of mutation]
  4189 | D:5      | Lost mutation: Your movements are slightly less encumbered by armour. (ER -2) [potion of mutation]
  4189 | D:5      | Gained mutation: Your spells are a little easier to cast, but a little less powerful. [potion of mutation]
  4189 | D:5      | Gained mutation: You expend magic power (3 MP) to strengthen your wands. [potion of mutation]
  4189 | D:5      | Gained mutation: Your muscles are strong. (Str +2) [potion of mutation]
  4189 | D:5      | Gained mutation: You have large cloven feet. [potion of mutation]
  4271 | D:5      | Found a deep blue altar of Sif Muna.
  4340 | D:5      | Lost mutation: You have large cloven feet. [potion of mutation]
  4340 | D:5      | Lost mutation: Your muscles are strong. (Str +2) [potion of mutation]
  4340 | D:5      | Lost mutation: You expend magic power (3 MP) to strengthen your wands. [potion of mutation]
  4340 | D:5      | Lost mutation: Your spells are a little easier to cast, but a little less powerful. [potion of mutation]
  4340 | D:5      | Gained mutation: You tend to lose your temper in combat. [potion of mutation]
  4340 | D:5      | Gained mutation: You are resistant to hostile enchantments. (MR+) [potion of mutation]
  4608 | D:6      | Found a staircase to the Ecumenical Temple.
  4744 | D:6      | Reached skill level 5 in Invocations
  5013 | D:6      | Reached skill level 9 in Axes
  5021 | D:6      | Reached XP level 9. HP: 69/79 MP: 11/11
  5244 | D:6      | Found a basalt altar of Yredelemnul.
  5576 | D:6      | Gained mutation: Your system is resistant to poisons. (rPois) [mutagenic meat]
  5608 | D:6      | Reached **** piety under Lugonu
  5960 | D:7      | Found a radiant altar of Vehumet.
  6049 | D:7      | Noticed Menkaure
  6057 | D:7      | Mangled by an ogre

Skill      XL: |  1  2  3  4  5  6  7  8  9 |
---------------+----------------------------+-----
Fighting       | 5 6 7 |  7.3
Axes           | 3 4 6 7 9 |  9.5
Invocations    | 2 3 5 |  5.5
Armour         | 3 5 6 7 |  7.3
Dodging        | 2 |  2.9

Action                   |  1- 3 |  4- 6 |  7- 9 || total
-------------------------+-------+-------+-------++-------
Melee: Hand axe          |    13 |    92 |       ||   105
       Headbutt          |     2 |    22 |    27 ||    51
       Kick              |       |    31 |     5 ||    36
       War axe           |       |    47 |   184 ||   231
Invok: Depart the Abyss  |       |     1 |       ||     1
  Use: Potion            |     1 |     2 |     5 ||     8
       Scroll            |       |    11 |     9 ||    20
  Eat: Chunk             |       |     4 |    15 ||    19
Armor: Chain mail        |       |   106 |    80 ||   186
       Leather armour    |       |     4 |       ||     4
       Plate armour      |       |       |    23 ||    23
Dodge: Dodged            |       |   115 |   125 ||   240
